Atomiques vs Thunder
Created - November 4, 2017 at 01:04
Goals
|
Atomiques |
0 |
0 |
3 |
3 |
Thunder |
1 |
0 |
1 |
2 |
|
Shots
|
Atomiques |
6 |
9 |
10 |
25 |
Thunder |
17 |
10 |
12 |
39 |
|
1st period
1. Thunder , Pierre-Alexandre Parenteau 4 (Evgeny Kuznetsov 7, Dougie Hamilton 1) at 8:47
Penalties :
Davis Drewiske (STB) for Charging (Minor) at 13:43, Mitch Callahan (STB) for Interference (Minor) at 17:31
2nd period
No Goal
Penalties :
Dougie Hamilton (TRO) for Hooking (Minor) at 0:14, Mitch Callahan (STB) for Roughing (Double Minor) at 4:05, Joe Labate (TRO) for Hooking (Minor) at 17:34
3rd period
2. Atomiques , Tyler Brenner 4 (Corey Tropp 3, Shayne Gostisbehere 9) at 2:53 (PP)
3. Atomiques , Andrew Kozek 2 (Tyler Brenner 8, Corey Tropp 4) at 4:00
4. Thunder , David Wolf 4 (Pierre-Alexandre Parenteau 9, Dougie Hamilton 2) at 8:51 (PP)
5. Atomiques , Corey Tropp 4 (Shayne Gostisbehere 10, Tyler Brenner 9) at 10:24
Penalties :
David Wolf (TRO) for Hooking (Minor) at 2:37, Davis Drewiske (STB) for Roughing (Minor) at 7:59, Mitch Callahan (STB) for Hooking (Minor) at 11:09, Andrew Kozek (STB) for Elbowing (Minor) at 14:25, Joe Labate (TRO) for Hooking (Minor) at 16:42, Dwight King (STB) for Interference (Minor) at 18:47
Goalie Stats
Sergei Bobrovsky (STB), 37 saves from 39 shots - (0.949), W, 7-0-0, 60:00 minutes
Devan Dubnyk (TRO), 22 saves from 25 shots - (0.880), L, 2-3-2, 58:48 minutes
Players Stats for Atomiques
Player Name G A P +/- PIM S H SB GA TA FO MP PP MP PK MP
------------------------------------------------------------------------------------
Andreas Engqvist 0 0 0 0 0 0 1 0 0 0 1/2 7:53 0:00 3:01
Andrew Kozek 1 0 1 2 2 5 1 0 0 0 0/1 18:32 3:34 1:40
Bobby Farnham 0 0 0 0 0 0 2 0 0 1 0/0 12:36 2:00 0:00
Brett Sutter 0 0 0 0 0 1 0 0 0 0 4/7 10:56 1:12 0:08
Brock McGinn 0 0 0 -1 0 0 1 0 0 0 0/0 5:46 0:00 0:00
Colby Cohen 0 0 0 -1 0 1 0 0 0 1 0/0 8:30 0:00 0:00
Corey Tropp 1 2 3 1 0 3 2 1 0 1 1/2 18:52 3:37 0:00
Davis Drewiske 0 0 0 1 4 1 0 1 3 0 0/0 28:24 4:00 6:19
Dwight King 0 0 0 0 2 1 3 0 0 1 0/0 19:22 2:00 6:47
Eric Mestery 0 0 0 -1 0 0 0 0 0 0 0/0 10:29 0:00 1:54
Jonas Junland 0 0 0 1 0 1 0 1 0 0 0/0 21:20 2:13 6:14
Kenndal McArdle 0 0 0 0 0 1 0 0 0 1 3/4 13:20 0:05 4:09
Kyle Wharton 0 0 0 1 0 0 1 0 1 0 0/0 24:39 2:13 7:45
Marc-André Cliche 0 0 0 0 0 3 1 0 1 0 12/19 17:07 2:00 4:09
Max McCormick 0 0 0 0 0 0 1 0 0 0 0/0 5:19 0:36 0:00
Mitch Callahan 0 0 0 0 8 2 1 1 0 1 0/0 8:55 0:00 0:00
Shayne Gostisbehere 0 2 2 1 0 2 1 1 0 0 0/0 26:52 4:00 5:46
Tyler Brenner 1 2 3 1 0 4 2 3 2 1 21/41 27:02 3:35 8:04
Players Stats for Thunder
Player Name G A P +/- PIM S H SB GA TA FO MP PP MP PK MP
------------------------------------------------------------------------------------
Adam Hall 0 0 0 -1 0 2 1 0 2 1 1/2 23:58 6:30 3:31
Austin Wuthrich 0 0 0 0 0 0 0 0 0 0 0/0 1:06 0:00 1:00
Brett Festerling 0 0 0 0 0 0 0 0 0 0 0/0 7:45 0:09 0:00
Dany Roussin 0 0 0 -1 0 7 3 0 1 2 3/8 26:18 6:30 3:16
Daultan Leveillé 0 0 0 -1 0 2 1 1 0 0 19/40 19:46 6:30 0:00
David Fischer 0 0 0 -1 0 0 1 4 0 0 0/0 21:58 7:34 3:46
David Wolf 1 0 1 1 2 5 5 0 0 0 1/1 19:25 6:44 0:45
Dougie Hamilton 0 2 2 0 2 5 1 3 0 0 0/0 24:38 6:16 1:40
Evgeny Kuznetsov 0 1 1 1 0 3 1 1 2 0 3/15 18:59 6:44 0:18
Gianluca Curcuruto 0 0 0 0 0 0 0 1 0 0 0/0 4:51 0:00 0:00
Jared Staal 0 0 0 0 0 0 0 0 0 0 0/0 2:10 0:45 0:00
Joe Labate 0 0 0 -1 4 1 1 1 0 0 6/8 9:52 0:00 0:00
Joey Ryan 0 0 0 -1 0 0 1 1 0 1 0/0 20:13 6:16 2:27
Ludwig Bystrom 0 0 0 0 0 0 0 0 0 0 0/0 4:51 0:00 0:00
Mark Stone 0 0 0 -1 0 2 4 1 1 0 0/0 12:38 0:45 1:48
Nikolay Prokhorkin 0 0 0 -1 0 1 0 2 0 0 0/0 9:22 0:00 0:00
Peter Andersson 0 0 0 0 0 0 0 0 0 0 0/0 8:58 0:00 0:47
Pierre-Alexandre Parente 1 1 2 1 0 7 2 0 0 0 1/1 20:55 6:44 1:48
Robin Leblanc 0 0 0 0 0 1 2 0 0 0 0/0 3:44 0:00 0:00
Roman Josi 0 0 0 0 0 2 1 2 1 3 0/0 27:20 7:43 3:46
Thomas Spelling 0 0 0 0 0 1 0 0 0 0 0/0 1:12 0:45 0:00
Zach Stepan 0 0 0 0 0 0 0 0 0 0 0/1 3:44 0:00 0:00
3 Stars
1 - Tyler Brenner (STB)
2 - Corey Tropp (STB)
3 - Pierre-Alexandre Parenteau (TRO)
Power Play
Atomiques - 1 on 4 Attempt(s) - 25.00%
Thunder - 1 on 8 Attempt(s) - 12.50%
Penalty Kill
Atomiques - 7 on 8 Attempt(s) - 87.50%
- Score 0 goal in Penalty Kill
Thunder - 3 on 4 Attempt(s) - 75.00%
- Score 0 goal in Penalty Kill
Team Stat
Atomiques - Hits : 17 - Faceoff Wins : 42 - Blocked Shots : 8 - Penalty Minutes : 16
Thunder - Hits : 24 - Faceoff Wins : 34 - Blocked Shots : 17 - Penalty Minutes : 8
Official
Referees : Marouelli Dan and Jackson Dave
Linesman : Thor Nelson and Brad Kovachik
Game Notes
Brock McGinn is injured at 19:49 of 1st period (Severed Left Wrist Tendons)
Finance
Level 1 -- Attendance: 1331 (66.55%) -- Ticket Income $53,240
Level 2 -- Attendance: 686 (68.60%) -- Ticket Income $13,720
Total Attendance: 2017 (67.23%)
Total Ticket Income: $66,960
Other Income: $3,348
Total Income: $70,308
Atomiques
5 vs 5 Forward
Center Left Wing Right Wing Time % Phy DF OF
1 Tyler Brenner Brock McGinn Corey Tropp 40 1 2 2
2 Marc-André Cliche Dwight King Bobby Farnham 30 1 2 2
3 Brett Sutter Kenndal McArdle Mitch Callahan 20 1 2 2
4 Andreas Engqvist Andrew Kozek Max McCormick 10 1 2 2
5 vs 5 Defense
Defense Defense Time % Phy DF OF
1 Davis Drewiske Shayne Gostisbehere 40 1 2 2
2 Jonas Junland Kyle Wharton 30 1 2 2
3 Colby Cohen Eric Mestery 20 1 2 2
4 Davis Drewiske Kyle Wharton 10 1 2 2
PowerPlay Forward
Center Left Wing Right Wing Time % Phy DF OF
1 Tyler Brenner Brock McGinn Corey Tropp 60 1 2 2
2 Marc-André Cliche Dwight King Bobby Farnham 40 1 2 2
PowerPlay Defense
Defense Defense Time % Phy DF OF
1 Davis Drewiske Shayne Gostisbehere 60 1 2 2
2 Jonas Junland Kyle Wharton 40 1 2 2
Penalty Kill 4 Players Forward
Center Wing Time % Phy DF OF
1 Tyler Brenner Dwight King 60 1 2 2
2 Kenndal McArdle Marc-André Cliche 40 1 2 2
Penalty Kill 4 Players Defense
Defense Defense Time % Phy DF OF
1 Davis Drewiske Kyle Wharton 60 1 2 2
2 Jonas Junland Shayne Gostisbehere 40 1 2 2
Penalty Kill - 3 Players Forward
Forward Time % Phy DF OF
1 Tyler Brenner 60 1 2 2
2 Dwight King 40 1 2 2
Penalty Kill - 3 Players Defense
Defense Defense Time % Phy DF OF
1 Davis Drewiske Kyle Wharton 60 1 2 2
2 Jonas Junland Shayne Gostisbehere 40 1 2 2
4 vs 4 Forward
Center Wing Time % Phy DF OF
1 Tyler Brenner Dwight King 60 1 2 2
2 Kenndal McArdle Marc-André Cliche 40 1 2 2
4 vs 4 Defense
Defense Defense Time % Phy DF OF
1 Davis Drewiske Kyle Wharton 60 1 2 2
2 Jonas Junland Shayne Gostisbehere 40 1 2 2
Last Minutes Offensive
Center Left Wing Right Wing Defense Defense
Tyler Brenner Dwight King Corey Tropp Davis Drewiske Kyle Wharton
Last Minutes Defensive
Center Left Wing Right Wing Defense Defense
Tyler Brenner Dwight King Corey Tropp Davis Drewiske Kyle Wharton
Goaltenders
Starting : Sergei Bobrovsky
Backup : Jeremy Smith
Extra Forwards
Normal : Andrew Kozek, Brett Sutter, Andreas Engqvist - PP : Andrew Kozek, Brett Sutter - PK : Andreas Engqvist
Extra Defensemen
Normal : Colby Cohen, Eric Mestery, Jonas Junland - PP : Colby Cohen - PK : Eric Mestery, Jonas Junland
Penalty Shots
Tyler Brenner, Dwight King, Kenndal McArdle, Marc-André Cliche, Andrew Kozek
Scratches
Darren Kramer (Healthy), Mike Halmo (Healthy), Dmitri Orlov (Healthy), John Draeger (Healthy), Joseph Cramarossa (Healthy)
Brock McGinn (Severed Left Wrist Tendons Injury), Fredrik Claesson (Healthy), Anthony Nigro (Healthy)
Thunder
5 vs 5 Forward
Center Left Wing Right Wing Time % Phy DF OF
1 Daultan Leveillé Dany Roussin Adam Hall 40 1 2 2
2 Evgeny Kuznetsov David Wolf Pierre-Alexandre Parentea30 1 2 2
3 Joe Labate Nikolay Prokhorkin Mark Stone 20 1 2 2
4 Zach Stepan Dany Roussin Robin Leblanc 10 1 2 2
5 vs 5 Defense
Defense Defense Time % Phy DF OF
1 Dougie Hamilton Roman Josi 40 1 2 2
2 David Fischer Joey Ryan 30 1 2 2
3 Brett Festerling Peter Andersson 20 1 2 2
4 Ludwig Bystrom Gianluca Curcuruto 10 1 2 2
PowerPlay Forward
Center Left Wing Right Wing Time % Phy DF OF
1 Daultan Leveillé Dany Roussin Adam Hall 60 1 2 2
2 Evgeny Kuznetsov David Wolf Pierre-Alexandre Parentea40 1 2 2
PowerPlay Defense
Defense Defense Time % Phy DF OF
1 David Fischer Roman Josi 60 1 2 2
2 Dougie Hamilton Joey Ryan 40 1 2 2
Penalty Kill 4 Players Forward
Center Wing Time % Phy DF OF
1 Dany Roussin Adam Hall 60 1 2 2
2 Pierre-Alexandre ParenteaMark Stone 40 1 2 2
Penalty Kill 4 Players Defense
Defense Defense Time % Phy DF OF
1 David Fischer Roman Josi 60 1 2 2
2 Dougie Hamilton Joey Ryan 40 1 2 2
Penalty Kill - 3 Players Forward
Forward Time % Phy DF OF
1 Dany Roussin 60 1 2 2
2 Adam Hall 40 1 2 2
Penalty Kill - 3 Players Defense
Defense Defense Time % Phy DF OF
1 David Fischer Roman Josi 60 1 2 2
2 Dougie Hamilton Joey Ryan 40 1 2 2
4 vs 4 Forward
Center Wing Time % Phy DF OF
1 Dany Roussin Adam Hall 60 1 2 2
2 Pierre-Alexandre ParenteaMark Stone 40 1 2 2
4 vs 4 Defense
Defense Defense Time % Phy DF OF
1 David Fischer Roman Josi 60 1 2 2
2 Dougie Hamilton Joey Ryan 40 1 2 2
Last Minutes Offensive
Center Left Wing Right Wing Defense Defense
Daultan Leveillé Dany Roussin Adam Hall David Fischer Roman Josi
Last Minutes Defensive
Center Left Wing Right Wing Defense Defense
Daultan Leveillé Dany Roussin Adam Hall David Fischer Roman Josi
Goaltenders
Starting : Devan Dubnyk
Backup : Niklas Treutle
Extra Forwards
Normal : Jared Staal, Thomas Spelling, Austin Wuthrich - PP : Jared Staal, Thomas Spelling - PK : Austin Wuthrich
Extra Defensemen
Normal : Brett Festerling, Peter Andersson, Ludwig Bystrom - PP : Brett Festerling - PK : Peter Andersson, Ludwig Bystrom
Penalty Shots
Dany Roussin, Adam Hall, Pierre-Alexandre Parenteau, Mark Stone, Daultan Leveillé
Scratches
Dalton Smith (Fractured Metatarsal (Right Foot) Injury), Scott Parse (Sprained Right Finger Injury)
% Time on Ice - Atomiques
Lines # - Real PCT - Wanted PCT - Time Play
Normal Forward
1 - 40% - 40% - 15:51
2 - 28% - 30% - 10:58
3 - 22% - 20% - 8:42
4 - 11% - 10% - 4:17
Normal Defense
1 - 43% - 40% - 17:13
2 - 31% - 30% - 12:13
3 - 21% - 20% - 8:30
4 - 5% - 10% - 1:52
PP Forward
1 - 68% - 60% - 4:13
2 - 32% - 40% - 2:00
PP Defense
1 - 64% - 60% - 4:00
2 - 36% - 40% - 2:13
PK Forward
1 - 70% - 60% - 9:50
2 - 30% - 40% - 4:09
PK Defense
1 - 62% - 60% - 8:36
2 - 38% - 40% - 5:23
PK3 Forward
1 - 0% - 60%
2 - 0% - 40%
PK3 Defense
1 - 0% - 60%
2 - 0% - 40%
44 Forward
1 - 0% - 60%
2 - 0% - 40%
44 Defense
1 - 0% - 60%
2 - 0% - 40%
Last Minute Offensive - 0:00
Last Minute Defensive - 0:00
Total
Forward - 60:00
Defense - 60:00
|
% Time on Ice - Thunder
Lines # - Real PCT - Wanted PCT - Time Play
Normal Forward
1 - 36% - 40% - 14:19
2 - 31% - 30% - 12:23
3 - 24% - 20% - 9:22
4 - 9% - 10% - 3:44
Normal Defense
1 - 40% - 40% - 15:51
2 - 29% - 30% - 11:30
3 - 19% - 20% - 7:36
4 - 12% - 10% - 4:51
PP Forward
1 - 52% - 60% - 7:15
2 - 48% - 40% - 6:44
PP Defense
1 - 55% - 60% - 7:43
2 - 45% - 40% - 6:16
PK Forward
1 - 71% - 60% - 4:25
2 - 29% - 40% - 1:48
PK Defense
1 - 61% - 60% - 3:46
2 - 39% - 40% - 2:27
PK3 Forward
1 - 0% - 60%
2 - 0% - 40%
PK3 Defense
1 - 0% - 60%
2 - 0% - 40%
44 Forward
1 - 0% - 60%
2 - 0% - 40%
44 Defense
1 - 0% - 60%
2 - 0% - 40%
Last Minute Offensive - 0:00
Last Minute Defensive - 0:00
Total
Forward - 60:00
Defense - 60:00
|
Play by Play
1st period
0:01 of 1st period - Daultan Leveillé wins face-off versus Tyler Brenner in neutral zone.
0:08 of 1st period - Wrist shot by Daultan Leveillé.
0:08 of 1st period - Stopped by Sergei Bobrovsky without a rebound.
0:09 of 1st period - Tyler Brenner wins face-off versus Daultan Leveillé in Atomiques zone.
0:14 of 1st period - Dougie Hamilton is hit by Brock McGinn and loses puck.
0:37 of 1st period - Wrist shot by Dany Roussin.
0:37 of 1st period - Stopped by Sergei Bobrovsky with a rebound.
1:03 of 1st period - Snap shot by Tyler Brenner.
1:03 of 1st period - Shot Misses the Net.
1:16 of 1st period - Snap shot by Tyler Brenner.
1:16 of 1st period - Shot Blocked by Roman Josi.
1:33 of 1st period - Snap shot by Tyler Brenner.
1:33 of 1st period - Shot Blocked by Roman Josi.
1:41 of 1st period - Snap shot by Adam Hall.
1:41 of 1st period - Stopped by Sergei Bobrovsky with a rebound.
1:43 of 1st period - Backhand shot by Daultan Leveillé.
1:43 of 1st period - Stopped by Sergei Bobrovsky with a rebound.
1:45 of 1st period - Slapshot by Roman Josi.
1:45 of 1st period - Deflect By Adam Hall.
1:45 of 1st period - Shot Misses the Net.
1:45 of 1st period - Puck is out of play.
1:46 of 1st period - Marc-André Cliche wins face-off versus Evgeny Kuznetsov in Atomiques zone.
1:59 of 1st period - Wrist shot by Marc-André Cliche.
1:59 of 1st period - Shot Misses the Net.
2:17 of 1st period - Brett Sutter is hit by Joe Labate and loses puck.
2:42 of 1st period - Snap shot by Dwight King.
2:42 of 1st period - Deflect By Pierre-Alexandre Parenteau.
2:42 of 1st period - Shot Blocked by Evgeny Kuznetsov.
2:42 of 1st period - Puck is out of play.
2:43 of 1st period - Marc-André Cliche wins face-off versus Evgeny Kuznetsov in Thunder zone.
2:57 of 1st period - Off-side.
2:58 of 1st period - Joe Labate wins face-off versus Brett Sutter in neutral zone.
3:05 of 1st period - Backhand shot by Joe Labate.
3:05 of 1st period - Stopped by Sergei Bobrovsky with a rebound.
3:11 of 1st period - Snap shot by Brett Sutter.
3:11 of 1st period - Stopped by Devan Dubnyk with a rebound.
3:13 of 1st period - Wrist shot by Kenndal McArdle.
3:13 of 1st period - Shot Blocked by Gianluca Curcuruto.
3:23 of 1st period - Wrist shot by Marc-André Cliche.
3:23 of 1st period - Stopped by Devan Dubnyk without a rebound.
3:24 of 1st period - Marc-André Cliche wins face-off versus Evgeny Kuznetsov in Thunder zone.
3:33 of 1st period - Snap shot by Marc-André Cliche.
3:33 of 1st period - Shot Blocked by David Fischer.
3:35 of 1st period - Wrist shot by Dwight King.
3:35 of 1st period - Shot Misses the Net.
3:37 of 1st period - Slapshot by Kyle Wharton.
3:37 of 1st period - Deflect By Marc-André Cliche.
3:37 of 1st period - Stopped by Devan Dubnyk with a rebound.
3:51 of 1st period - Kyle Wharton is hit by Pierre-Alexandre Parenteau and loses puck.
4:11 of 1st period - Snap shot by Pierre-Alexandre Parenteau.
4:11 of 1st period - Stopped by Sergei Bobrovsky with a rebound.
4:17 of 1st period - Joey Ryan is hit by Andrew Kozek and loses puck.
4:36 of 1st period - Wrist shot by Robin Leblanc.
4:36 of 1st period - Stopped by Sergei Bobrovsky without a rebound.
4:37 of 1st period - Marc-André Cliche wins face-off versus Zach Stepan in Atomiques zone.
4:42 of 1st period - Davis Drewiske is hit by Robin Leblanc and loses puck.
6:04 of 1st period - Icing by Kenndal McArdle.
6:05 of 1st period - Joe Labate wins face-off versus Marc-André Cliche in Atomiques zone.
6:27 of 1st period - Icing by Roman Josi.
6:28 of 1st period - Corey Tropp wins face-off versus Joe Labate in Thunder zone.
6:54 of 1st period - Off-side.
6:55 of 1st period - Brett Sutter wins face-off versus Daultan Leveillé in neutral zone.
8:31 of 1st period - Pierre-Alexandre Parenteau is hit by Dwight King and loses puck.
8:47 of 1st period - Snap shot by Pierre-Alexandre Parenteau.
8:47 of 1st period - Goal by Pierre-Alexandre Parenteau - Atomiques : 0 - Thunder : 1.
8:48 of 1st period - Tyler Brenner wins face-off versus Daultan Leveillé in neutral zone.
8:57 of 1st period - Wrist shot by Adam Hall.
8:57 of 1st period - Shot Misses the Net.
9:01 of 1st period - Snap shot by Dany Roussin.
9:01 of 1st period - Shot Misses the Net.
9:10 of 1st period - Icing by Tyler Brenner.
9:11 of 1st period - Marc-André Cliche wins face-off versus Evgeny Kuznetsov in Atomiques zone.
9:11 of 1st period - Marc-André Cliche is hit by David Wolf.
9:27 of 1st period - Davis Drewiske is hit by David Wolf.
9:37 of 1st period - Off-side.
9:38 of 1st period - Daultan Leveillé wins face-off versus Tyler Brenner in neutral zone.
10:14 of 1st period - Snap shot by Kenndal McArdle.
10:14 of 1st period - Deflect By Brett Sutter.
10:14 of 1st period - Shot Blocked by Mark Stone.
10:14 of 1st period - Puck is out of play.
10:15 of 1st period - Marc-André Cliche wins face-off versus Evgeny Kuznetsov in Thunder zone.
10:18 of 1st period - Wrist shot by Marc-André Cliche.
10:18 of 1st period - Stopped by Devan Dubnyk without a rebound.
10:19 of 1st period - Evgeny Kuznetsov wins face-off versus Marc-André Cliche in Thunder zone.
10:19 of 1st period - Evgeny Kuznetsov is hit by Dwight King.
10:25 of 1st period - Wrist shot by Pierre-Alexandre Parenteau.
10:25 of 1st period - Deflect By David Wolf.
10:25 of 1st period - Shot Misses the Net.
10:25 of 1st period - Puck is out of play.
10:26 of 1st period - Tyler Brenner wins face-off versus Daultan Leveillé in Atomiques zone.
10:39 of 1st period - Slapshot by Dany Roussin.
10:39 of 1st period - Deflect By Shayne Gostisbehere.
10:39 of 1st period - Stopped by Sergei Bobrovsky without a rebound.
10:40 of 1st period - Daultan Leveillé wins face-off versus Andrew Kozek in Atomiques zone.
10:41 of 1st period - Wrist shot by Dany Roussin.
10:41 of 1st period - Stopped by Sergei Bobrovsky without a rebound.
10:42 of 1st period - Andreas Engqvist wins face-off versus Daultan Leveillé in Atomiques zone.
10:42 of 1st period - Andreas Engqvist is hit by Joey Ryan.
11:12 of 1st period - Snap shot by Pierre-Alexandre Parenteau.
11:12 of 1st period - Shot Misses the Net.
11:14 of 1st period - Snap shot by David Wolf.
11:14 of 1st period - Stopped by Sergei Bobrovsky without a rebound.
11:15 of 1st period - Evgeny Kuznetsov wins face-off versus Tyler Brenner in Atomiques zone.
11:30 of 1st period - Wrist shot by Tyler Brenner.
11:30 of 1st period - Shot Blocked by Dougie Hamilton.
11:46 of 1st period - Snap shot by Evgeny Kuznetsov.
11:46 of 1st period - Deflect By Pierre-Alexandre Parenteau.
11:46 of 1st period - Stopped by Sergei Bobrovsky with a rebound.
11:58 of 1st period - Wrist shot by Evgeny Kuznetsov.
11:58 of 1st period - Stopped by Sergei Bobrovsky with a rebound.
12:00 of 1st period - Snap shot by David Wolf.
12:00 of 1st period - Stopped by Sergei Bobrovsky with a rebound.
12:02 of 1st period - Snap shot by David Wolf.
12:02 of 1st period - Stopped by Sergei Bobrovsky with a rebound.
12:14 of 1st period - Wrist shot by David Wolf.
12:14 of 1st period - Stopped by Sergei Bobrovsky without a rebound.
12:15 of 1st period - Daultan Leveillé wins face-off versus Tyler Brenner in Atomiques zone.
12:30 of 1st period - Snap shot by Tyler Brenner.
12:30 of 1st period - Shot Blocked by Dougie Hamilton.
12:40 of 1st period - Mitch Callahan is hit by Mark Stone and loses puck.
12:49 of 1st period - Snap shot by Mitch Callahan.
12:49 of 1st period - Stopped by Devan Dubnyk with a rebound.
13:03 of 1st period - Andrew Kozek is hit by Dany Roussin and loses puck.
13:24 of 1st period - Snap shot by Dwight King.
13:24 of 1st period - Stopped by Devan Dubnyk without a rebound.
13:25 of 1st period - Joe Labate wins face-off versus Marc-André Cliche in Thunder zone.
13:25 of 1st period - Joe Labate is hit by Shayne Gostisbehere.
13:43 of 1st period - Minor Penalty to Davis Drewiske for Charging.
13:44 of 1st period - Daultan Leveillé wins face-off versus Tyler Brenner in Atomiques zone.
13:47 of 1st period - Snap shot by Dany Roussin.
13:47 of 1st period - Stopped by Sergei Bobrovsky with a rebound.
14:09 of 1st period - Eric Mestery is hit by Roman Josi and loses puck.
15:05 of 1st period - Eric Mestery is hit by Pierre-Alexandre Parenteau.
15:41 of 1st period - Shayne Gostisbehere is hit by Mark Stone and loses puck.
15:43 of 1st period - Penalty to Davis Drewiske is over, Davis Drewiske is back on ice.
16:30 of 1st period - Slapshot by Brett Sutter.
16:30 of 1st period - Shot Misses the Net.
16:40 of 1st period - Robin Leblanc is hit by Corey Tropp.
17:31 of 1st period - Minor Penalty to Mitch Callahan for Interference.
17:32 of 1st period - Daultan Leveillé wins face-off versus Tyler Brenner in Atomiques zone.
17:39 of 1st period - Slapshot by Dany Roussin.
17:39 of 1st period - Shot Blocked by Tyler Brenner.
17:49 of 1st period - Davis Drewiske is hit by Adam Hall and loses puck.
19:20 of 1st period - Shayne Gostisbehere is hit by David Wolf.
19:24 of 1st period - Evgeny Kuznetsov is hit by Marc-André Cliche and loses puck.
19:31 of 1st period - Penalty to Mitch Callahan is over, Mitch Callahan is back on ice.
19:37 of 1st period - Slapshot by Tyler Brenner.
19:37 of 1st period - Shot Blocked by David Fischer.
19:48 of 1st period - Brock McGinn is hit by Mark Stone and loses puck.
19:49 of 1st period - Brock McGinn from Atomiques is injured at 19:49 of 1st period (Severed Left Wrist Tendons).
19:50 of 1st period - Tyler Brenner wins face-off versus Daultan Leveillé in Atomiques zone.
Goals for this period are 0 for Atomiques vs 1 for Thunder.
Shots for this period are 6 for Atomiques vs 17 for Thunder.
2nd period
0:01 of 2nd period - Tyler Brenner wins face-off versus Daultan Leveillé in neutral zone.
0:14 of 2nd period - Minor Penalty to Dougie Hamilton for Hooking.
0:15 of 2nd period - Tyler Brenner wins face-off versus Dany Roussin in Thunder zone.
0:25 of 2nd period - Snap shot by Corey Tropp.
0:25 of 2nd period - Shot Misses the Net.
0:27 of 2nd period - Snap shot by Andrew Kozek.
0:27 of 2nd period - Stopped by Devan Dubnyk with a rebound.
0:29 of 2nd period - Wrist shot by Andrew Kozek.
0:29 of 2nd period - Stopped by Devan Dubnyk without a rebound.
0:30 of 2nd period - Tyler Brenner wins face-off versus Dany Roussin in Thunder zone.
0:35 of 2nd period - Wrist shot by Corey Tropp.
0:35 of 2nd period - Stopped by Devan Dubnyk without a rebound.
0:36 of 2nd period - Tyler Brenner wins face-off versus Dany Roussin in Thunder zone.
0:43 of 2nd period - Wrist shot by Corey Tropp.
0:43 of 2nd period - Shot Blocked by David Fischer.
1:05 of 2nd period - Snap shot by Davis Drewiske.
1:05 of 2nd period - Deflect By Dwight King.
1:05 of 2nd period - Shot Misses the Net.
1:05 of 2nd period - Puck is out of play.
1:06 of 2nd period - Tyler Brenner wins face-off versus Dany Roussin in Thunder zone.
1:37 of 2nd period - Slapshot by Jonas Junland.
1:37 of 2nd period - Stopped by Devan Dubnyk without a rebound.
1:38 of 2nd period - Pierre-Alexandre Parenteau wins face-off versus Tyler Brenner in Thunder zone.
1:59 of 2nd period - Snap shot by Pierre-Alexandre Parenteau.
1:59 of 2nd period - Shot Misses the Net.
2:01 of 2nd period - Slapshot by Mark Stone.
2:01 of 2nd period - Stopped by Sergei Bobrovsky without a rebound.
2:02 of 2nd period - Dany Roussin wins face-off versus Marc-André Cliche in Atomiques zone.
2:03 of 2nd period - Snap shot by Adam Hall.
2:03 of 2nd period - Stopped by Sergei Bobrovsky with a rebound.
2:14 of 2nd period - Penalty to Dougie Hamilton is over, Dougie Hamilton is back on ice.
2:18 of 2nd period - Adam Hall is hit by Bobby Farnham and loses puck.
3:04 of 2nd period - Snap shot by Evgeny Kuznetsov.
3:04 of 2nd period - Stopped by Sergei Bobrovsky without a rebound.
3:05 of 2nd period - Joe Labate wins face-off versus Marc-André Cliche in Atomiques zone.
3:12 of 2nd period - Slapshot by Davis Drewiske.
3:12 of 2nd period - Stopped by Devan Dubnyk with a rebound.
3:16 of 2nd period - Slapshot by Shayne Gostisbehere.
3:16 of 2nd period - Stopped by Devan Dubnyk with a rebound.
3:20 of 2nd period - Slapshot by Marc-André Cliche.
3:20 of 2nd period - Shot Misses the Net.
3:59 of 2nd period - Roman Josi is hit by Mitch Callahan.
4:05 of 2nd period - Double Minor Penalty to Mitch Callahan for Roughing.
4:06 of 2nd period - Tyler Brenner wins face-off versus Daultan Leveillé in Atomiques zone.
4:17 of 2nd period - Slapshot by Roman Josi.
4:17 of 2nd period - Stopped by Sergei Bobrovsky without a rebound.
4:18 of 2nd period - Daultan Leveillé wins face-off versus Tyler Brenner in Atomiques zone.
4:21 of 2nd period - Wrist shot by Adam Hall.
4:21 of 2nd period - Shot Misses the Net.
6:04 of 2nd period - Icing by Evgeny Kuznetsov.
6:05 of 2nd period - Kenndal McArdle wins face-off versus Evgeny Kuznetsov in Thunder zone.
6:28 of 2nd period - David Fischer is hit by Dwight King.
6:45 of 2nd period - Jonas Junland is hit by David Wolf and loses puck.
8:05 of 2nd period - Penalty to Mitch Callahan is over, Mitch Callahan is back on ice.
8:25 of 2nd period - Mark Stone is hit by Max McCormick and loses puck.
9:46 of 2nd period - Bobby Farnham is hit by David Wolf and loses puck.
10:19 of 2nd period - Brett Sutter is hit by Robin Leblanc and loses puck.
10:46 of 2nd period - Icing by Corey Tropp.
10:47 of 2nd period - Daultan Leveillé wins face-off versus Marc-André Cliche in Atomiques zone.
10:52 of 2nd period - Snap shot by Dany Roussin.
10:52 of 2nd period - Shot Blocked by Shayne Gostisbehere.
11:23 of 2nd period - Eric Mestery is hit by David Fischer and loses puck.
11:32 of 2nd period - Snap shot by Nikolay Prokhorkin.
11:32 of 2nd period - Stopped by Sergei Bobrovsky without a rebound.
11:33 of 2nd period - Marc-André Cliche wins face-off versus Daultan Leveillé in Atomiques zone.
11:46 of 2nd period - Slapshot by Shayne Gostisbehere.
11:46 of 2nd period - Stopped by Devan Dubnyk without a rebound.
11:47 of 2nd period - Tyler Brenner wins face-off versus Evgeny Kuznetsov in Thunder zone.
11:54 of 2nd period - Slapshot by Dougie Hamilton.
11:54 of 2nd period - Stopped by Sergei Bobrovsky without a rebound.
11:55 of 2nd period - Tyler Brenner wins face-off versus Evgeny Kuznetsov in Atomiques zone.
12:02 of 2nd period - Wrist shot by Pierre-Alexandre Parenteau.
12:02 of 2nd period - Shot Misses the Net.
12:04 of 2nd period - Slapshot by Roman Josi.
12:04 of 2nd period - Shot Misses the Net.
12:11 of 2nd period - Slapshot by Dougie Hamilton.
12:11 of 2nd period - Shot Misses the Net.
12:13 of 2nd period - Slapshot by Roman Josi.
12:13 of 2nd period - Stopped by Sergei Bobrovsky with a rebound.
12:15 of 2nd period - Snap shot by Evgeny Kuznetsov.
12:15 of 2nd period - Stopped by Sergei Bobrovsky without a rebound.
12:16 of 2nd period - Marc-André Cliche wins face-off versus Daultan Leveillé in Atomiques zone.
12:52 of 2nd period - Off-side.
12:53 of 2nd period - Marc-André Cliche wins face-off versus Daultan Leveillé in neutral zone.
12:55 of 2nd period - Off-side.
12:56 of 2nd period - Marc-André Cliche wins face-off versus Daultan Leveillé in neutral zone.
13:22 of 2nd period - Dougie Hamilton is hit by Tyler Brenner and loses puck.
13:28 of 2nd period - Off-side.
13:29 of 2nd period - Daultan Leveillé wins face-off versus Tyler Brenner in neutral zone.
13:35 of 2nd period - Slapshot by Dany Roussin.
13:35 of 2nd period - Shot Misses the Net.
13:37 of 2nd period - Slapshot by Dany Roussin.
13:37 of 2nd period - Shot Blocked by Tyler Brenner.
14:19 of 2nd period - Wrist shot by Kenndal McArdle.
14:19 of 2nd period - Shot Misses the Net.
14:21 of 2nd period - Wrist shot by Shayne Gostisbehere.
14:21 of 2nd period - Shot Misses the Net.
14:23 of 2nd period - Snap shot by Mitch Callahan.
14:23 of 2nd period - Stopped by Devan Dubnyk with a rebound.
14:43 of 2nd period - Slapshot by Andrew Kozek.
14:43 of 2nd period - Stopped by Devan Dubnyk with a rebound.
14:59 of 2nd period - Snap shot by David Wolf.
14:59 of 2nd period - Shot Blocked by Tyler Brenner.
15:15 of 2nd period - Snap shot by Dwight King.
15:15 of 2nd period - Shot Misses the Net.
15:17 of 2nd period - Slapshot by Jonas Junland.
15:17 of 2nd period - Shot Misses the Net.
16:42 of 2nd period - David Fischer is hit by Corey Tropp.
16:48 of 2nd period - Ludwig Bystrom is hit by Kyle Wharton and loses puck.
17:21 of 2nd period - Wrist shot by Evgeny Kuznetsov.
17:21 of 2nd period - Shot Misses the Net.
17:23 of 2nd period - Slapshot by Pierre-Alexandre Parenteau.
17:23 of 2nd period - Stopped by Sergei Bobrovsky with a rebound.
17:34 of 2nd period - Minor Penalty to Joe Labate for Hooking.
17:35 of 2nd period - Dany Roussin wins face-off versus Tyler Brenner in Thunder zone.
19:09 of 2nd period - David Wolf is hit by Bobby Farnham and loses puck.
19:34 of 2nd period - Penalty to Joe Labate is over, Joe Labate is back on ice.
19:59 of 2nd period - Snap shot by Pierre-Alexandre Parenteau.
19:59 of 2nd period - Stopped by Sergei Bobrovsky with a rebound.
Goals for this period are 0 for Atomiques vs 0 for Thunder.
Shots for this period are 9 for Atomiques vs 10 for Thunder.
3rd period
0:01 of 3rd period - Tyler Brenner wins face-off versus Daultan Leveillé in neutral zone.
0:12 of 3rd period - Slapshot by Dougie Hamilton.
0:12 of 3rd period - Stopped by Sergei Bobrovsky without a rebound.
0:13 of 3rd period - Daultan Leveillé wins face-off versus Tyler Brenner in Atomiques zone.
0:24 of 3rd period - Snap shot by Dany Roussin.
0:24 of 3rd period - Stopped by Sergei Bobrovsky without a rebound.
0:25 of 3rd period - Daultan Leveillé wins face-off versus Tyler Brenner in Atomiques zone.
0:26 of 3rd period - Snap shot by Adam Hall.
0:26 of 3rd period - Shot Blocked by Corey Tropp.
1:17 of 3rd period - Bobby Farnham is hit by Evgeny Kuznetsov and loses puck.
1:40 of 3rd period - Slapshot by Tyler Brenner.
1:40 of 3rd period - Stopped by Devan Dubnyk without a rebound.
1:41 of 3rd period - Joe Labate wins face-off versus Corey Tropp in Thunder zone.
2:37 of 3rd period - Minor Penalty to David Wolf for Hooking.
2:38 of 3rd period - Dany Roussin wins face-off versus Tyler Brenner in Thunder zone.
2:53 of 3rd period - Snap shot by Tyler Brenner.
2:53 of 3rd period - Goal by Tyler Brenner - Atomiques : 1 - Thunder : 1.
2:54 of 3rd period - Tyler Brenner wins face-off versus Adam Hall in neutral zone.
3:20 of 3rd period - Bobby Farnham is hit by Dougie Hamilton and loses puck.
3:38 of 3rd period - Icing by Joey Ryan.
3:39 of 3rd period - Brett Sutter wins face-off versus Evgeny Kuznetsov in Thunder zone.
3:48 of 3rd period - Snap shot by Corey Tropp.
3:48 of 3rd period - Shot Misses the Net.
3:50 of 3rd period - Snap shot by Kyle Wharton.
3:50 of 3rd period - Deflect By Andrew Kozek.
3:50 of 3rd period - Shot Misses the Net.
3:50 of 3rd period - Puck is out of play.
3:51 of 3rd period - Tyler Brenner wins face-off versus Daultan Leveillé in Thunder zone.
3:54 of 3rd period - Wrist shot by Andrew Kozek.
3:54 of 3rd period - Shot Misses the Net.
3:56 of 3rd period - Wrist shot by Andrew Kozek.
3:56 of 3rd period - Shot Blocked by Dougie Hamilton.
3:58 of 3rd period - Wrist shot by Tyler Brenner.
3:58 of 3rd period - Stopped by Devan Dubnyk with a rebound.
4:00 of 3rd period - Wrist shot by Andrew Kozek.
4:00 of 3rd period - Goal by Andrew Kozek - Atomiques : 2 - Thunder : 1.
4:01 of 3rd period - Tyler Brenner wins face-off versus Daultan Leveillé in neutral zone.
4:13 of 3rd period - Wrist shot by Adam Hall.
4:13 of 3rd period - Deflect By Dany Roussin.
4:13 of 3rd period - Stopped by Sergei Bobrovsky without a rebound.
4:14 of 3rd period - Tyler Brenner wins face-off versus Daultan Leveillé in Atomiques zone.
4:14 of 3rd period - Tyler Brenner is hit by Dany Roussin.
4:24 of 3rd period - Slapshot by Tyler Brenner.
4:24 of 3rd period - Stopped by Devan Dubnyk with a rebound.
5:12 of 3rd period - Snap shot by Mark Stone.
5:12 of 3rd period - Stopped by Sergei Bobrovsky with a rebound.
5:22 of 3rd period - Jonas Junland is hit by Daultan Leveillé and loses puck.
6:42 of 3rd period - Off-side.
6:43 of 3rd period - Joe Labate wins face-off versus Andreas Engqvist in neutral zone.
7:04 of 3rd period - Off-side.
7:05 of 3rd period - Evgeny Kuznetsov wins face-off versus Tyler Brenner in neutral zone.
7:10 of 3rd period - Snap shot by Dougie Hamilton.
7:10 of 3rd period - Stopped by Sergei Bobrovsky without a rebound.
7:11 of 3rd period - Daultan Leveillé wins face-off versus Tyler Brenner in Atomiques zone.
7:20 of 3rd period - Snap shot by Dany Roussin.
7:20 of 3rd period - Stopped by Sergei Bobrovsky without a rebound.
7:21 of 3rd period - Daultan Leveillé wins face-off versus Tyler Brenner in Atomiques zone.
7:34 of 3rd period - Slapshot by Dougie Hamilton.
7:34 of 3rd period - Stopped by Sergei Bobrovsky without a rebound.
7:35 of 3rd period - Marc-André Cliche wins face-off versus Daultan Leveillé in Atomiques zone.
7:46 of 3rd period - Slapshot by Dougie Hamilton.
7:46 of 3rd period - Stopped by Sergei Bobrovsky without a rebound.
7:47 of 3rd period - Daultan Leveillé wins face-off versus Tyler Brenner in Atomiques zone.
7:59 of 3rd period - Minor Penalty to Davis Drewiske for Roughing.
8:00 of 3rd period - Daultan Leveillé wins face-off versus Tyler Brenner in Atomiques zone.
8:29 of 3rd period - Snap shot by Pierre-Alexandre Parenteau.
8:29 of 3rd period - Shot Misses the Net.
8:31 of 3rd period - Wrist shot by Pierre-Alexandre Parenteau.
8:31 of 3rd period - Stopped by Sergei Bobrovsky without a rebound.
8:32 of 3rd period - Tyler Brenner wins face-off versus Evgeny Kuznetsov in Atomiques zone.
8:49 of 3rd period - Snap shot by Pierre-Alexandre Parenteau.
8:49 of 3rd period - Shot Misses the Net.
8:51 of 3rd period - Wrist shot by David Wolf.
8:51 of 3rd period - Goal by David Wolf - Atomiques : 2 - Thunder : 2.
8:52 of 3rd period - Daultan Leveillé wins face-off versus Brett Sutter in neutral zone.
8:59 of 3rd period - Snap shot by Daultan Leveillé.
8:59 of 3rd period - Deflect By Brett Sutter.
8:59 of 3rd period - Shot Blocked by Mitch Callahan.
8:59 of 3rd period - Puck is out of play.
9:00 of 3rd period - Daultan Leveillé wins face-off versus Brett Sutter in Atomiques zone.
9:47 of 3rd period - Snap shot by Mark Stone.
9:47 of 3rd period - Shot Misses the Net.
9:53 of 3rd period - Joe Labate is hit by Tyler Brenner and loses puck.
10:08 of 3rd period - Slapshot by Shayne Gostisbehere.
10:08 of 3rd period - Shot Misses the Net.
10:10 of 3rd period - Slapshot by Davis Drewiske.
10:10 of 3rd period - Shot Misses the Net.
10:12 of 3rd period - Wrist shot by Corey Tropp.
10:12 of 3rd period - Stopped by Devan Dubnyk with a rebound.
10:14 of 3rd period - Snap shot by Corey Tropp.
10:14 of 3rd period - Shot Blocked by David Fischer.
10:16 of 3rd period - Wrist shot by Tyler Brenner.
10:16 of 3rd period - Shot Blocked by Nikolay Prokhorkin.
10:18 of 3rd period - Wrist shot by Shayne Gostisbehere.
10:18 of 3rd period - Shot Blocked by Nikolay Prokhorkin.
10:20 of 3rd period - Slapshot by Shayne Gostisbehere.
10:20 of 3rd period - Shot Misses the Net.
10:22 of 3rd period - Slapshot by Shayne Gostisbehere.
10:22 of 3rd period - Shot Blocked by Joe Labate.
10:24 of 3rd period - Snap shot by Corey Tropp.
10:24 of 3rd period - Goal by Corey Tropp - Atomiques : 3 - Thunder : 2.
10:25 of 3rd period - Daultan Leveillé wins face-off versus Marc-André Cliche in neutral zone.
11:09 of 3rd period - Minor Penalty to Mitch Callahan for Hooking.
11:10 of 3rd period - Adam Hall wins face-off versus Tyler Brenner in Atomiques zone.
12:15 of 3rd period - Daultan Leveillé is hit by Andreas Engqvist.
12:21 of 3rd period - Wrist shot by Andrew Kozek.
12:21 of 3rd period - Stopped by Devan Dubnyk with a rebound.
13:01 of 3rd period - Shayne Gostisbehere is hit by Mark Stone and loses puck.
13:09 of 3rd period - Penalty to Mitch Callahan is over, Mitch Callahan is back on ice.
13:12 of 3rd period - Wrist shot by Thomas Spelling.
13:12 of 3rd period - Stopped by Sergei Bobrovsky with a rebound.
13:14 of 3rd period - Snap shot by Jared Staal.
13:14 of 3rd period - Shot Blocked by Jonas Junland.
13:23 of 3rd period - Off-side.
13:24 of 3rd period - Brett Sutter wins face-off versus Joe Labate in neutral zone.
13:34 of 3rd period - Slapshot by Colby Cohen.
13:34 of 3rd period - Stopped by Devan Dubnyk with a rebound.
13:36 of 3rd period - Wrist shot by Brett Sutter.
13:36 of 3rd period - Deflect By Kenndal McArdle.
13:36 of 3rd period - Stopped by Devan Dubnyk without a rebound.
13:37 of 3rd period - Marc-André Cliche wins face-off versus Daultan Leveillé in Thunder zone.
13:51 of 3rd period - Slapshot by Dwight King.
13:51 of 3rd period - Deflect By Bobby Farnham.
13:51 of 3rd period - Shot Blocked by Daultan Leveillé.
13:51 of 3rd period - Puck is out of play.
13:52 of 3rd period - Brett Sutter wins face-off versus Evgeny Kuznetsov in Thunder zone.
13:53 of 3rd period - Slapshot by Shayne Gostisbehere.
13:53 of 3rd period - Shot Misses the Net.
14:05 of 3rd period - Snap shot by Evgeny Kuznetsov.
14:05 of 3rd period - Shot Blocked by Davis Drewiske.
14:25 of 3rd period - Minor Penalty to Andrew Kozek for Elbowing.
14:26 of 3rd period - Tyler Brenner wins face-off versus Daultan Leveillé in Atomiques zone.
15:02 of 3rd period - Slapshot by Roman Josi.
15:02 of 3rd period - Deflect By Pierre-Alexandre Parenteau.
15:02 of 3rd period - Shot Misses the Net.
15:02 of 3rd period - Puck is out of play.
15:03 of 3rd period - Kenndal McArdle wins face-off versus Daultan Leveillé in Atomiques zone.
15:34 of 3rd period - Wrist shot by Pierre-Alexandre Parenteau.
15:34 of 3rd period - Stopped by Sergei Bobrovsky without a rebound.
15:35 of 3rd period - Daultan Leveillé wins face-off versus Kenndal McArdle in Atomiques zone.
15:56 of 3rd period - Jonas Junland is hit by Dany Roussin and loses puck.
16:25 of 3rd period - Penalty to Andrew Kozek is over, Andrew Kozek is back on ice.
16:42 of 3rd period - Minor Penalty to Joe Labate for Hooking.
16:43 of 3rd period - Tyler Brenner wins face-off versus Dany Roussin in Thunder zone.
18:42 of 3rd period - Penalty to Joe Labate is over, Joe Labate is back on ice.
18:47 of 3rd period - Minor Penalty to Dwight King for Interference.
18:48 of 3rd period - David Wolf wins face-off versus Tyler Brenner in Atomiques zone.
18:48 of 3rd period - Thunder, Devan Dubnyk is pulled from the net.
18:52 of 3rd period - Wrist shot by Evgeny Kuznetsov.
18:52 of 3rd period - Shot Misses the Net.
18:54 of 3rd period - Snap shot by Pierre-Alexandre Parenteau.
18:54 of 3rd period - Shot Misses the Net.
18:56 of 3rd period - Slapshot by Joey Ryan.
18:56 of 3rd period - Deflect By Pierre-Alexandre Parenteau.
18:56 of 3rd period - Shot Misses the Net.
18:56 of 3rd period - Puck is out of play.
18:57 of 3rd period - Jon Cooper call a timeout for Thunder.
18:57 of 3rd period - Tyler Brenner wins face-off versus Evgeny Kuznetsov in Atomiques zone.
19:14 of 3rd period - Slapshot by Kyle Wharton.
19:14 of 3rd period - Shot Blocked by Joey Ryan.
19:53 of 3rd period - Off-side.
19:54 of 3rd period - Kenndal McArdle wins face-off versus Daultan Leveillé in neutral zone.
Goals for this period are 3 for Atomiques vs 1 for Thunder.
Shots for this period are 10 for Atomiques vs 12 for Thunder.
Back to the Top